 Dungeon Crawl Stone Soup version 0.32-a0-705-g60f233581c (webtiles) character file.

Game seed: 11920619463309048357

2233 jasper the Cruncher (level 9, -2/91 HPs)
             Began as a Coglin Gladiator on Mar 14, 2024.
             Was an Initiate of Cheibriados.
             Slain by a killer bee (6 damage)
             ... on level 7 of the Dungeon.
             The game lasted 00:10:02 (7414 turns).

jasper the Cruncher (Coglin Gladiator)              Turns: 7414, Time: 00:10:03

Health: -2/91      AC: 24    Str: 19    XL:     9   Next: 36%
Magic:  9/9        EV:  2    Int: 12    God:    Cheibriados [......]
Gold:   594        SH:  0    Dex: 16    Spells: 8/8 levels left

rFire   . . .        a - +0 quarterstaff {Iseul}
rCold   . . .        (shield currently unavailable)
rNeg    . . .        d - melded +3 scale mail {rC+}
rPois   +            c - melded +0 helmet
rElec   .            (cloak currently unavailable)
rCorr   .            t - melded +0 pair of gloves
SInv    .            (boots currently unavailable)
Will    .....        (no amulet)
Stlth   +            (no ring)
HPRegen 0.35/turn    (no ring)
MPRegen 0.11/turn    (no gizmo)

%: no passive effects
@: tree-form, revved, very slow
A: stationary, stasis, torment immunity, boosted hp, off-hand wielding, slow
wielding, warmup strikes, (no jewellery), (horns 1), strong 1
a: Invent Gizmo, Renounce Religion


You were on level 7 of the Dungeon.
You worshipped Cheibriados.
Cheibriados was noncommittal.
You were a tree.
You visited 2 branches of the dungeon, and saw 9 of its levels.

You collected 594 gold pieces.

Inventory:

Hand Weapons
 a - a +0 quarterstaff (weapon) {Iseul}
 w - the +6 dagger of Bapuaridd {protect, Dex+5}
   (You took it off a goblin on level 7 of the Dungeon)

   Dex+5:     It affects your dexterity (+5).
Missiles
 e - a javelin
 k - a throwing net (quivered)
 q - a curare-tipped dart
Armour
 b - a +0 leather armour
 c - a +0 helmet (melded)
 d - a +3 scale mail of cold resistance (melded)
 t - a +0 pair of gloves (melded)
Wands
 o - a wand of flame (19)
 u - a wand of mindburst (10)
Scrolls
 j - 3 scrolls of vulnerability
 m - 4 scrolls of fog
 v - a scroll of enchant armour {unknown}
Potions
 f - 2 potions of attraction
 l - 2 potions of degeneration
 n - 2 potions of enlightenment
 p - a potion of haste
 r - a potion of magic {unknown}
 s - a potion of ambrosia {unknown}


   Skills:
 - Level 2.0 Fighting
 + Level 11.5 Staves
 - Level 1.7 Throwing
 - Level 2.6 Dodging


You had 8 spell levels left.
You didn't know any spells.
Your spell library contained the following spells:

 Spells                   Type           Power      Damage    Failure   Level
 Apportation              Tloc           0%         N/A       32%         1
 Shock                    Conj/Air       0%         1d3       32%         1
 Sting                    Conj/Alch      0%         1d3       32%         1
 Summon Small Mammal      Summ           0%         N/A       32%         1
 Call Imp                 Summ           0%         N/A       45%         2
 Jinxbite                 Hex            0%         N/A       45%         2
 Mercury Vapours          Alch/Air       0%         N/A       45%         2
 Mephitic Cloud           Conj/Alch/Air  0%         N/A       69%         3
 Swiftness                Air            0%         N/A       69%         3
 Airstrike                Air            0%         2d(0-16)  97%         4
 Olgreb's Toxic Radiance  Alch           0%         N/A       97%         4
 Alistair's Intoxication  Alch           0%         N/A       100%        5
 Freezing Cloud           Conj/Ice/Air   0%         6-21      100%        5
 Discord                  Hex            0%         N/A       100%        8
 Dragon's Call            Summ           0%         N/A       100%        9


Dungeon Overview and Level Annotations

Branches:
Dungeon (8/15)             Temple (1/1) D:6
   Lair: D:8-11

Altars:
Ashenzari
Cheibriados
Dithmenos
Elyvilon
Fedhas
Gozag
Hepliaklqana
Kikubaaqudgha
Makhleb
Nemelex Xobeh
Okawaru
Qazlal
Ru
Sif Muna
Trog
Wu Jian
Xom
Yredelemnul
Zin
The Shining One

Shops:
D:5 :

Annotations:
D:6 1 runed translucent door, Vadun's ghost, novice DsBe


Innate Abilities, Weirdness & Mutations

You are a tree.
Your roots penetrate the ground, keeping you stationary.
You cannot be teleported.
You are immune to unholy pain and torment.
Your maximum health is greatly increased.
Your equipment is partially melded.
You can wield a second weapon in your off-hand.
It takes a long time for you to wield or remove held weapons.
Your first few attacks do less damage.
((You cannot equip rings or amulets.))
((You have a pair of small horns on your head.))
Your muscles are strong. (Str +4, Int/Dex -1)


Message History

Cheibriados appreciates the change of pace.
The steam dragon scales are intact enough to wear.
You feel sick. The killer bee barely misses you. The killer bee stings you. x2
The killer bee stings you but does no damage.
You take 6 damage, and have 21/61 hp.
Okay, then.
You turn into a tree.
Your +0 helmet melds into your body.
Your +0 pair of gloves melds into your body.
Your +3 scale mail of cold resistance melds into your body.
You feel less resistant to cold.
Your roots penetrate the ground.
The killer bee stings you but does no damage. x2
The wight hits you but does no damage.
The killer bee stings you but does no damage.
The killer bee stings you.
You now have 29/91 hp.
You hit the wight but do no damage.
You feel sick.
You are no longer poisoned.
The killer bee stings you but does no damage.
The killer bee stings you.
* * * LOW HITPOINT WARNING * * *
The wight hits you with a +5 morningstar.
* * * LOW HITPOINT WARNING * * *
You take 6 damage, and have 23/91 hp.
You thump the wight!
The wight is moderately damaged.
The killer bee stings you.
* * * LOW HITPOINT WARNING * * *
The killer bee stings you but does no damage. x2
The killer bee stings you.
* * * LOW HITPOINT WARNING * * *
The wight hits you with a +5 morningstar!
* * * LOW HITPOINT WARNING * * *
You take 19 damage, and have 4/91 hp.
MASSIVE DAMAGE!!
Okay, then.
Unknown command.
It was a potion of mutation.
You feel extremely strange.
You feel stronger. A pair of horns grows on your head!
The killer bee stings you.
You die...
Cheibriados appreciates the motionlessness of death.

...##..##..........#..#..........
...'...#...#.......'..#..........
...#...#...#.......#..'..........
...#...#...#.......####..........
...#...#...#.<.............######
<..#...'...#...............#.....
...###.#####...............#.....
#....####........y.....#####.....
#....# #.......♣y.....# #......
'....# #......[.z.....# #......
#....# #..............#####.....
#....# #..........##'###.##).###
#....# #..........#...........#
#....# #..........#...........#
#....####..........#...........#
#......)...####....#...........##
#####.÷....#..#....######.......#


You could see 2 killer bees and a wight.

Vanquished Creatures
  A steam dragon (D:7)
  A water moccasin (D:7)
  2 sky beasts (D:7)
  An ice beast (D:5)
  An ogre (D:6)
  3 centaurs
  A phantom (D:5)
  A kobold brigand (D:6)
  A bullfrog (D:6)
  8 wights
  A killer bee (D:7)
  A howler monkey (D:4)
  3 hounds
  A jelly (D:5)
  A gnoll bouda (D:5)
  5 iguanas
  A sleepcap (D:5)
  Jessica (D:2)
  Terence (D:2)
  2 orc wizards (D:5)
  3 gnolls (D:5)
  10 adders
  2 shadow imps (D:6)
  2 white imps
  2 ufetubi (D:5)
  5 dart slugs
  3 ribbon worms (D:2)
  14 orcs
  3 ball pythons
  2 bats
  11 endoplasms
  2 giant cockroaches (D:2)
  19 goblins
  12 hobgoblins
  2 jackals (D:2)
  16 kobolds
  3 quokkas
  5 rats
153 creatures vanquished.

Vanquished Creatures (others)
  A killer bee (D:8)
1 creature vanquished.

Grand Total: 154 creatures vanquished

Notes
Turn   | Place    | Note
-------+----------+-------------------------------------------
     0 | D:1      | jasper the Coglin Gladiator began the quest for the Orb.
     0 | D:1      | Reached XP level 1. HP: 16/16 MP: 1/1
    74 | D:1      | Reached skill level 3 in Staves
    86 | D:1      | Reached XP level 2. HP: 14/22 MP: 2/2
   373 | D:1      | Reached XP level 3. HP: 27/27 MP: 3/3
   876 | D:2      | Noticed Terence
   893 | D:2      | Killed Terence
   894 | D:2      | Reached skill level 4 in Staves
  1001 | D:2      | Reached XP level 4. HP: 33/33 MP: 4/4
  1006 | D:2      | Noticed Jessica
  1022 | D:2      | Killed Jessica
  1325 | D:2      | Reached skill level 5 in Staves
  1330 | D:2      | Reached XP level 5. HP: 37/38 MP: 5/5
  2649 | D:4      | Reached XP level 6. HP: 44/44 MP: 6/6
  2687 | D:4      | Reached skill level 6 in Staves
  3074 | D:5      | Entered Level 5 of the Dungeon
  3140 | D:4      | Reached skill level 7 in Staves
  3140 | D:4      | Reached XP level 7. HP: 12/49 MP: 7/7
  3964 | D:5      | Reached skill level 8 in Staves
  3995 | D:5      | Reached XP level 8. HP: 16/56 MP: 8/8
  4221 | D:5      | Found a sparkling altar of Nemelex Xobeh.
  4280 | D:5      | Found a stormy altar of Qazlal.
  4282 | D:5      | Found a blossoming altar of Fedhas.
  4294 | D:5      | Got the Codex of Curses and Companions
  4324 | D:5      | Found Romum's Book Emporium.
  4954 | D:6      | Reached skill level 9 in Staves
  5218 | D:6      | Found a runed translucent door.
  5219 | D:6      | Noticed Vadun's ghost (novice DsBe)
  5483 | D:6      | Found a hazy altar of Hepliaklqana.
  5521 | D:6      | Reached skill level 10 in Staves
  5529 | D:6      | Found a staircase to the Ecumenical Temple.
  5539 | Temple   | Entered the Ecumenical Temple
  5544 | Temple   | Became a worshipper of Cheibriados the Contemplative
  5887 | D:7      | HP: 1/54 [wight/+2 battleaxe (3)]
  6152 | D:7      | Found a glowing silver altar of Zin.
  6152 | D:7      | Found an iron altar of Okawaru.
  6198 | D:7      | Identified the +6 dagger of Bapuaridd {protect, Dex+5}
  6303 | D:7      | Reached XP level 9. HP: 46/61 MP: 9/9
  6739 | D:7      | Reached skill level 11 in Staves
  7413 | D:7      | HP: 4/91 [wight/+5 morningstar (10)]
  7414 | D:7      | Gained mutation: Your muscles are strong. (Str +4, Int/Dex
                  | -1) [potion of mutation]
  7414 | D:7      | Gained mutation: You have a pair of small horns on your
                  | head. [potion of mutation]
  7414 | D:7      | Slain by a killer bee

Illustrated notes

Levels and vault maps discovered:
D:1:      minmay_arrival_stair_chambers, layout_basic, grunt_decor_junction
D:2:      layout_basic, st_stairs_8, guppyfry_early_orc_mine, uniq_jessica,
          uniq_terence
D:3:      layout_basic
D:4:      cheibrodos_greedy_goblins, layout_rooms
D:5:      layout_basic, grunt_temple_overflow_forces_of_nature,
          nemelex_diamond_rough_becter, nicolae_stop_n_shop_1,
          grunt_ministairs_12, dk_rats_in_the_wall
D:6:      layout_rooms, mainiacjoe_overflow_boulevard,
          minmay_temple_entry_offerings, hellmonk_ghost_happy_afterlife
D:7:      layout_gridville, chequers_temple_overflow_statue_of_worship,
          enter_bailey_5
D:8:      layout_rooms, general_overflow_altar, serial_shops, shop,
          amethyst_killhole
Temple:   nicolae_temple_bog_church

Skill      XL: |  1  2  3  4  5  6  7  8  9 |
---------------+----------------------------+-----
Staves         | 3 4 5 7 8 10 11 | 11.5
Fighting       | |  2.0
Throwing       | |  1.7
Dodging        | |  2.6

Action                     |  1- 3 |  4- 6 |  7- 9 || total
---------------------------+-------+-------+-------++-------
  Melee: Quarterstaff      |    74 |   235 |   371 ||   680
         Unarmed           |       |       |     4 ||     4
  Throw: Throwing net      |     3 |       |     1 ||     4
  Evoke: Wand              |       |       |     3 ||     3
    Use: Scroll            |       |    11 |     5 ||    16
         Potion            |       |       |     7 ||     7
   Stab: Held in net/web   |     2 |       |       ||     2
 Armour: Leather armour    |    39 |       |       ||    39
         Scale mail        |       |   180 |   330 ||   510
         Skin              |       |       |    44 ||    44
  Dodge: Dodged            |    53 |   105 |   200 ||   358

Table legend: (Time is in decaauts)
 A = Elapsed time spent in this place.
 B = Non-inter-level travel time spent in this place.
 C = Inter-level travel time spent in this place.
 D = Time resting spent in this place.
 E = Time spent auto-exploring this place.
 F = Levels seen in this place.
 G = Mean time per level.
                   A        B        C        D        E       F      G
               +--------+--------+--------+--------+--------+-----+--------+
         Total |   7607 |   7397 |    210 |    799 |   5070 |   9 |  845.2 |
       Dungeon |   7595 |   7391 |    204 |    799 |   5070 |   8 |  949.4 |
        Temple |     11 |      6 |      5 |      0 |      0 |   1 |   11.0 |
               +--------+--------+--------+--------+--------+-----+--------+

Top non-repeatable levels by time:
     D:7: 1748 daAuts
     D:5: 1578 daAuts
     D:2: 1068 daAuts
     D:6: 901 daAuts
     D:1: 877 daAuts
     D:4: 804 daAuts
     D:3: 601 daAuts
     D:8: 15 daAuts
  Temple: 11 daAuts
